[Event "Titled Tuesday Blitz February 14 Early 2023"]
[White "Cella, Glaucio Dalla Cortt"]
[Black "Zaksaite, Salomeja"]
[WhiteFideId "2119455"]
[BlackFideId "12801496"]
[WhiteElo "1894"]
[BlackElo "2283"]
[Result "1-0"]
[Round "05"]
[TimeControl "180+2"]
[Date "2023.02.15"]
[WhiteClock "0:00:50"]
[BlackClock "0:00:04"]

1. e4 c5 2. Nf3 Nc6 3. c3 Nf6 4. e5 Nd5 5. d4 cxd4 6. cxd4 e6 7. Nc3 Nxc3 8. bxc3 d6 9. Bd3 dxe5 10. dxe5 Qc7 11. O-O Bd7 12. Re1 O-O-O 13. Rb1 f6 14. Be3 fxe5 15. Qe2 Be7 16. Be4 Rhf8 17. Bxa7 Nxa7 18. Bxb7+ Qxb7 19. Rxb7 Kxb7 20. Nxe5 Bc5 21. Rb1+ Kc7 22. Qc4 Kd6 23. Rd1+ Kxe5 24. Qxc5+ Kf6 25. Qxa7 Bc6 26. Rxd8 Rxd8 27. h3 Rd1+ 28. Kh2 Bd5 29. a4 Rd2 30. a5 Ra2 31. c4 Bc6 32. Qd4+ Kf7 33. Qb6 Be4 34. a6 1-0


[Site "https://www.chess.com"]

[Event "Titled Tuesday Blitz February 14 Early 2023"]
[White "Lesbekova, Assel"]
[Black "Jaskolka, Tomasz"]
[WhiteFideId "13713248"]
[BlackFideId "1170791"]
[WhiteElo "1772"]
[BlackElo "2238"]
[Result "0-1"]
[Round "05"]
[TimeControl "180+2"]
[Date "2023.02.15"]
[WhiteClock "0:00:03"]
[BlackClock "0:00:07"]

1. e4 c5 2. Nc3 e6 3. Nge2 Nc6 4. g3 Qc7 5. Bg2 a6 6. O-O Nf6 7. d4 cxd4 8. Nxd4 Nxd4 9. Qxd4 Bc5 10. Qd3 d6 11. Bf4 Nd7 12. Rad1 Ne5 13. Qe2 Bd7 14. Kh1 O-O 15. Bc1 Bb4 16. f4 Bxc3 17. fxe5 Bxe5 18. b3 Rac8 19. c4 b5 20. Bb2 Bxb2 21. Qxb2 bxc4 22. bxc4 Ba4 23. Rd4 e5 24. Rd2 Rfd8 25. Rc1 Qc5 26. Qc3 Rb8 27. Qf3 Bc6 28. Rf2 Rb7 29. h4 Rdb8 30. Rcc2 f6 31. Qf5 Bd7 32. Qf3 Be6 33. Qd3 Rb4 34. Bf1 a5 35. Rfd2 Rc8 36. Qxd6 Qxd6 37. Rxd6 Bxc4 38. Bxc4+ Rbxc4 39. Rd8+ Rxd8 40. Rxc4 Rd2 41. Ra4 Rd4 42. Rxa5 Rxe4 43. Ra7 Re2 44. a4 Ra2 45. a5 h6 46. a6 Kh7 47. h5 e4 48. Kg1 f5 49. Kf1 Kg8 50. Ke1 Kf8 51. Kd1 Ra3 52. Ke2 Rxg3 53. Ra8+ Kf7 54. a7 Ra3 55. Kf2 f4 56. Ke2 Ra2+ 57. Ke1 f3 58. Rb8 Rxa7 59. Rb4 Re7 60. Kf2 Kf6 61. Ke3 Kf5 62. Rb5+ Re5 63. Rb7 g5 64. Rf7+ Kg4 65. Rh7 Re6 66. Ra7 Kg3 67. Ra1 Kg4 68. Rh1 Kf5 69. Rh2 Rd6 70. Ra2 Rd3+ 71. Kf2 Kf4 72. Ra8 Rd2+ 73. Ke1 Rb2 74. Rf8+ Ke3 75. Rd8 Rb1+ 0-1


[Site "https://www.chess.com"]

[Event "Titled Tuesday Blitz February 14 Early 2023"]
[White "Bilan, Danila"]
[Black "Torres Dominguez, David"]
[WhiteFideId "24161918"]
[BlackFideId "2220857"]
[WhiteElo "2303"]
[BlackElo "1994"]
[Result "1-0"]
[Round "05"]
[TimeControl "180+2"]
[Date "2023.02.15"]
[WhiteClock "0:00:06"]
[BlackClock "0:00:03"]

1. d4 e5 2. dxe5 d6 3. Nf3 Bg4 4. exd6 Bxd6 5. g3 Nc6 6. Bg2 Qd7 7. Bf4 Bh3 8. O-O Bxg2 9. Kxg2 O-O-O 10. Bxd6 Qe8 11. Qd3 Rxd6 12. Qf5+ Kb8 13. Nc3 Nge7 14. Qb5 a6 15. Qc4 h5 16. Rad1 Rxd1 17. Rxd1 h4 18. Nxh4 g5 19. Nf3 f6 20. Qg4 Ng6 21. Qd7 Qf8 22. Nd5 g4 23. Qxg4 Nge5 24. Nxe5 Nxe5 25. Qf5 Qh6 26. h4 Ng6 27. Qxf6 Rf8 28. Qg5 Qh7 29. Ne3 Qf7 30. Rd8+ Rxd8 31. Qxd8+ Ka7 32. Qd4+ b6 33. h5 Nf8 34. Qd5 Ne6 35. h6 Qg6 36. Qe5 Qxh6 37. Nf5 Qg6 38. Ne7 Qf7 39. Nd5 1-0


[Site "https://www.chess.com"]

[Event "Titled Tuesday Blitz February 14 Early 2023"]
[White "Davalos Prieto, Abel Justo"]
[Black "Bozorov, Makhsum"]
[WhiteFideId "5102766"]
[BlackFideId "14201330"]
[WhiteElo "2029"]
[BlackElo "2145"]
[Result "1-0"]
[Round "05"]
[TimeControl "180+2"]
[Date "2023.02.15"]
[WhiteClock "0:00:09"]
[BlackClock "0:00:14"]

1. d4 Nf6 2. Bf4 g6 3. Nc3 d5 4. Nf3 Bg7 5. Ne5 O-O 6. e3 c5 7. Be2 Nc6 8. h4 h5 9. O-O cxd4 10. exd4 Bf5 11. Nxc6 bxc6 12. Na4 Nd7 13. c3 Rc8 14. Ba6 e5 15. Bxc8 Qxc8 16. dxe5 Nxe5 17. Nc5 Nc4 18. Qb3 Qd8 19. Qb7 Qb6 20. Qxb6 axb6 21. Na4 b5 22. b3 Na5 23. Nc5 Bxc3 24. Rac1 Bb2 25. Rce1 Ba3 26. Be3 Bb4 27. Rc1 Re8 28. Rfd1 Ba3 29. Bd4 Bxc1 30. Rxc1 Re7 31. a4 bxa4 32. bxa4 Nc4 33. Ra1 Re8 34. a5 Bc8 35. a6 Bxa6 36. Rxa6 f5 37. Rxc6 Re1+ 38. Kh2 Nd2 39. Rxg6+ Kf7 40. Rg7+ Ke8 41. Nb7 Nf1+ 42. Kh3 Rd1 43. Nd6+ Kd8 44. Bf6# 1-0


[Site "https://www.chess.com"]

[Event "Titled Tuesday Blitz February 14 Early 2023"]
[White "Barrera Rincones, Josmar Joel"]
[Black "Skvortsov, Andrei"]
[WhiteFideId "3975487"]
[BlackFideId "24108600"]
[WhiteElo "1399"]
[BlackElo "2313"]
[Result "0-1"]
[Round "05"]
[TimeControl "180+2"]
[Date "2023.02.15"]
[WhiteClock "0:00:24"]
[BlackClock "0:01:22"]

1. d4 e6 2. c4 Nf6 3. Nc3 c5 4. d5 exd5 5. cxd5 Bd6 6. g3 O-O 7. Bg2 Re8 8. Nf3 a6 9. a4 Bc7 10. O-O d6 11. Bg5 Nbd7 12. Re1 Rb8 13. Qd3 h6 14. Bf4 Nf8 15. e4 Ng6 16. Bd2 Bd7 17. Rad1 b5 18. b3 bxa4 19. bxa4 Qc8 20. h4 Bg4 21. Rc1 Nd7 22. Nh2 Nde5 23. Qf1 Bd7 24. f4 Rb2 25. Be3 Rxg2+ 26. Qxg2 Nd3 27. Qd2 Nxe1 28. Rxe1 Ba5 29. Qc2 f5 30. h5 Ne7 31. e5 Bxc3 32. Qxc3 Nxd5 33. Qd2 Nxe3 34. Rxe3 dxe5 35. fxe5 Be6 36. Nf3 Rd8 37. Qc3 Qc6 38. Kf2 Qxa4 39. Nh4 Qd4 40. Qxd4 cxd4 41. Ra3 Bc4 42. Nxf5 Rf8 43. g4 Be6 44. Rxa6 Bxf5 45. gxf5 Rxf5+ 46. Kg3 Rxe5 47. Kg4 Rd5 48. Ra2 d3 49. Rd2 Kf7 50. Rf2+ Ke7 51. Rd2 Ke6 52. Kf4 Kf6 53. Kg4 Rd4+ 54. Kf3 Kg5 55. Ke3 Rd8 56. Rg2+ Kxh5 57. Rh2+ Kg6 58. Rg2+ Kf7 59. Rh2 d2 60. Rxd2 Rxd2 61. Kxd2 Kf6 62. Ke1 Kf5 63. Kf2 Kg4 64. Kg1 g5 65. Kh1 Kf3 66. Kg1 g4 67. Kh1 Kf2 68. Kh2 g3+ 69. Kh3 g2 70. Kh2 g1=Q+ 71. Kh3 Qg3# 0-1


[Site "https://www.chess.com"]

[Event "Titled Tuesday Blitz February 14 Early 2023"]
[White "Abdilkhair, Abilmansur"]
[Black "Janaszak, Dawid"]
[WhiteFideId "13716417"]
[BlackFideId "1119206"]
[WhiteElo "2268"]
[BlackElo "2316"]
[Result "1-0"]
[Round "05"]
[TimeControl "180+2"]
[Date "2023.02.15"]
[WhiteClock "0:00:07"]
[BlackClock "0:00:01"]

1. d4 Nf6 2. c4 a6 3. Nc3 b5 4. e3 Bb7 5. Nf3 bxc4 6. Bxc4 e6 7. O-O Bd6 8. Qe2 Ne4 9. Bd3 f5 10. Ne5 O-O 11. Bxe4 fxe4 12. Qg4 Bxe5 13. dxe5 Nc6 14. Qxe4 Rb8 15. f4 Nb4 16. Qxb4 Bxg2 17. Qd4 Bxf1 18. Kxf1 Qh4 19. Qd2 d6 20. exd6 cxd6 21. Qf2 Qh5 22. b3 e5 23. Ne2 Rbc8 24. Ba3 Rc2 25. Bxd6 Rd8 26. fxe5 Qh3+ 27. Ke1 Qg4 28. Rc1 Rxa2 29. Rc7 Qg6 30. Qh4 Re8 31. Qc4+ Kh8 32. Rc8 Ra1+ 33. Kd2 Ra2+ 34. Kd1 Ra1+ 35. Nc1 Qg1+ 36. Kd2 Qf2+ 37. Kd3 1-0


[Site "https://www.chess.com"]

[Event "Titled Tuesday Blitz February 14 Early 2023"]
[White "Cunha, Lucas Aguiar"]
[Black "Enkhtuul, Altan-Ulzii"]
[WhiteFideId "2125404"]
[BlackFideId "4901444"]
[WhiteElo "2309"]
[BlackElo "2254"]
[Result "0-1"]
[Round "05"]
[TimeControl "180+2"]
[Date "2023.02.15"]
[WhiteClock "0:00:03"]
[BlackClock "0:00:19"]

1. e4 c6 2. d4 d5 3. e5 Bf5 4. Nf3 e6 5. Be2 a6 6. O-O c5 7. dxc5 Bxc5 8. a3 Ne7 9. b4 Bb6 10. Nbd2 Nbc6 11. Bb2 O-O 12. c4 d4 13. c5 d3 14. cxb6 dxe2 15. Qxe2 Bd3 16. Qd1 Bxf1 17. Qxf1 Qxb6 18. Nc4 Qb5 19. Qc1 Nf5 20. g4 Qd5 21. Qc3 Nh6 22. Nb6 Qe4 23. Nxa8 Qxg4+ 24. Kh1 Rxa8 25. Rg1 Qe4 26. Re1 Qd5 27. Kg1 Rd8 28. Qe3 Nf5 29. Qf4 h6 30. Re2 Qd1+ 31. Re1 Qb3 32. Re2 Rd1+ 33. Kg2 Qd3 34. Qe4 Qb1 35. Qc4 Rh1 36. Rd2 Rd1 37. Rc2 Nfd4 38. Nxd4 Rg1+ 39. Kh3 Nxd4 40. Bxd4 Qd1 41. Qe2 Qxd4 42. f3 Qf4 43. Rc8+ Kh7 44. Rc4 Qg5 0-1


[Site "https://www.chess.com"]

[Event "Titled Tuesday Blitz February 14 Early 2023"]
[White "Gatterer, Florian"]
[Black "Souleidis, Georgios"]
[WhiteFideId "811688"]
[BlackFideId "4206827"]
[WhiteElo "2170"]
[BlackElo "2419"]
[Result "0-1"]
[Round "05"]
[TimeControl "180+2"]
[Date "2023.02.15"]
[WhiteClock "0:00:17"]
[BlackClock "0:00:13"]

1. e4 c5 2. Nf3 e6 3. c3 d5 4. exd5 exd5 5. d4 Nf6 6. Be2 Be7 7. O-O O-O 8. dxc5 Bxc5 9. Nbd2 Nc6 10. Nb3 Bb6 11. Nbd4 Bg4 12. Bg5 h6 13. Bh4 Re8 14. h3 Bh5 15. Nxc6 bxc6 16. Nd4 Bxe2 17. Nxe2 c5 18. a4 Bc7 19. Bg3 Rb8 20. Qc2 Bxg3 21. Nxg3 Qb6 22. Rab1 d4 23. Rfd1 Red8 24. cxd4 cxd4 25. Nf5 Rd7 26. b4 Rbd8 27. Rd3 Qe6 28. Ng3 Qe5 29. Qd2 h5 30. Re1 Qd5 31. Rd1 Qc4 32. Re1 Qd5 33. Rd1 h4 34. Ne2 Qc4 35. Qg5 Qxb4 36. Qxh4 Qxa4 37. Nf4 Qb5 38. Qg3 Qf5 39. Qf3 Qe4 40. Qg3 Qe5 41. Qf3 a5 42. g4 a4 43. Ng2 Qe4 44. Qxe4 Nxe4 45. Nf4 Nc3 46. R1d2 a3 47. Ne2 Nxe2+ 48. Rxe2 Rc8 49. Ra2 Rc3 50. Rxc3 dxc3 51. Rxa3 Rd1+ 52. Kg2 c2 53. Ra8+ Kh7 54. Rc8 c1=Q 55. Rxc1 Rxc1 56. Kf3 Rc3+ 57. Kg2 Ra3 58. f3 Ra4 59. Kg3 Ra5 60. h4 f6 61. h5 Kh6 62. f4 Ra3+ 63. Kh4 Ra4 64. g5+ fxg5+ 65. Kg4 Rxf4+ 66. Kg3 Kxh5 67. Kg2 g6 68. Kg3 Rg4+ 69. Kf3 Kh4 70. Kf2 Rg3 71. Kf1 Kg4 72. Kf2 Kf4 73. Kf1 Ke3 74. Ke1 Rg1# 0-1


[Site "https://www.chess.com"]

[Event "Titled Tuesday Blitz February 14 Early 2023"]
[White "Kvaloy, Aksel Bu"]
[Black "Kejna, Piotr"]
[WhiteFideId "1528815"]
[BlackFideId "21821704"]
[WhiteElo "2321"]
[BlackElo "2027"]
[Result "0-1"]
[Round "05"]
[TimeControl "180+2"]
[Date "2023.02.15"]
[WhiteClock "0:00:05"]
[BlackClock "0:00:07"]

1. d4 Nf6 2. c4 e5 3. dxe5 Ng4 4. Bf4 g5 5. Bg3 Bg7 6. Nf3 Nc6 7. Nc3 Ngxe5 8. Nxe5 Nxe5 9. e3 d6 10. h4 g4 11. h5 f5 12. h6 Bf6 13. Nd5 Be6 14. Nxf6+ Qxf6 15. Qd4 O-O 16. O-O-O a5 17. Be2 Ra6 18. Bh4 Qf7 19. Bg3 Nc6 20. Qc3 Nb4 21. Kb1 Rc6 22. Rh5 Qf6 23. Qxf6 Rxf6 24. b3 Bf7 25. Rhh1 a4 26. Kb2 Ra6 27. a3 axb3 28. axb4 Ra2+ 29. Kxb3 Rxe2 30. Rhe1 Rxe1 31. Rxe1 Rxh6 32. Ra1 b5 33. Kc3 Bxc4 34. Ra7 c6 35. Rd7 Re6 36. Bxd6 Rf6 37. Be5 Rf7 38. Rd8+ Rf8 39. Rd1 Kf7 40. Bf4 Re8 41. Rh1 Kg7 42. Rh5 Kg6 43. Rh6+ Kg7 44. Rxc6 Re6 45. Rc7+ Kg6 46. Kd4 Re4+ 47. Kc3 Re6 48. Rc8 Ra6 49. Kd4 Ra4 50. Kc5 Ra2 51. Bg3 Rc2 52. Kb6 Rd2 53. Rc5 Rb2 54. Ka5 Ra2+ 55. Kb6 Ra4 56. Rxb5 Bxb5 57. Kxb5 Ra2 58. Kc6 Kf7 59. b5 Rc2+ 60. Kd7 Rb2 61. Kc6 Rc2+ 62. Kb7 Ke7 63. b6 Kd7 64. Ka6 Kc6 65. Ka5 Ra2+ 66. Kb4 Kxb6 67. Kc4 Kc6 68. Kd4 Kd7 69. Ke5 Ra5+ 70. Kf6 Ke8 71. Bf4 Kf8 72. g3 Kg8 73. Be5 Ra2 74. Kxf5 Rxf2+ 75. Bf4 h5 76. Kg6 Rh2 77. Bg5 Rh3 78. Bf4 h4 79. Kg5 hxg3 80. Kxg4 g2 81. Kxh3 g1=Q 82. Bg3 Qxe3 83. Kg2 Kf7 84. Bf2 Qe4+ 85. Kh2 Kg6 86. Bg3 Kf5 87. Bf2 Kg4 88. Kg1 Qf3 89. Kf1 Kh3 90. Ke1 Qe4+ 91. Kd2 Kg2 92. Be3 Kf3 93. Ba7 Qd5+ 94. Kc3 Qa5+ 0-1


[Site "https://www.chess.com"]

[Event "Titled Tuesday Blitz February 14 Early 2023"]
[White "Ambartsumova, Karina"]
[Black "Carrasco Miranda, Andres"]
[WhiteFideId "4166299"]
[BlackFideId "3405990"]
[WhiteElo "2393"]
[BlackElo "2240"]
[Result "1-0"]
[Round "05"]
[TimeControl "180+2"]
[Date "2023.02.15"]
[WhiteClock "0:01:21"]
[BlackClock "0:01:12"]

1. c4 Nf6 2. Nc3 g6 3. g3 Bg7 4. Bg2 O-O 5. d4 d6 6. Nf3 Nc6 7. O-O a6 8. Bf4 h6 9. Rc1 g5 10. Be3 Bf5 11. d5 Na5 12. b3 c5 13. dxc6 Nxc6 14. Nd4 Nxd4 15. Bxd4 Rc8 16. Bxb7 Bh3 17. Re1 Rb8 18. Bh1 Qa5 19. Qd2 Rfc8 20. Red1 Kf8 21. Bf3 g4 22. Bh1 h5 23. Qc2 Kg8 24. Bxf6 Bxf6 25. Nd5 Bg5 26. Qf5 1-0


[Site "https://www.chess.com"]

[Event "Titled Tuesday Blitz February 14 Early 2023"]
[White "Prado Lobo, Jonas"]
[Black "Llanos, Guillermo"]
[WhiteFideId "32050666"]
[BlackFideId "100358"]
[WhiteElo "2313"]
[BlackElo "2290"]
[Result "1-0"]
[Round "05"]
[TimeControl "180+2"]
[Date "2023.02.15"]
[WhiteClock "0:00:06"]
[BlackClock "0:00:02"]

1. d4 Nf6 2. c4 b6 3. Nc3 Bb7 4. Qc2 d5 5. cxd5 Nxd5 6. e4 Nxc3 7. bxc3 e6 8. Nf3 Be7 9. Bd3 c5 10. O-O cxd4 11. cxd4 O-O 12. Bb2 Nc6 13. Qe2 Nb4 14. Bc4 Rc8 15. Rfd1 Bxe4 16. Bb5 Bd5 17. Ne5 Rc2 18. Rd2 Rxd2 19. Qxd2 a6 20. Be2 b5 21. Rc1 Nxa2 22. Nc6 Qd6 23. Nxe7+ Qxe7 24. Rc5 Qd7 25. Qa5 Bb7 26. Qxa2 Rc8 27. Qa3 h6 28. Rxc8+ Qxc8 29. Qc5 Qd7 30. h3 Qd5 31. Bf3 Qxc5 32. dxc5 Bc8 33. c6 a5 34. c7 b4 35. Bc6 f6 36. Bd4 e5 37. Bb6 b3 38. Bd5+ Kf8 39. Bxb3 Ke7 40. Bxa5 Kd6 41. Kf1 g5 42. Ke1 h5 43. Kd2 h4 44. Ke3 f5 45. Bc2 f4+ 46. Kf3 1-0


[Site "https://www.chess.com"]

[Event "Titled Tuesday Blitz February 14 Early 2023"]
[White "Zia, Tahsin Tajwar"]
[Black "Bas Mas, Jose Joaquin"]
[WhiteFideId "10211888"]
[BlackFideId "22219064"]
[WhiteElo "2315"]
[BlackElo "2197"]
[Result "1-0"]
[Round "05"]
[TimeControl "180+2"]
[Date "2023.02.15"]
[WhiteClock "0:01:10"]
[BlackClock "0:00:13"]

1. d4 f5 2. Nc3 Nf6 3. Bf4 e6 4. g4 Nxg4 5. e4 Bb4 6. Qd3 fxe4 7. Qxe4 Nf6 8. Qg2 O-O 9. O-O-O Bxc3 10. bxc3 Qe7 11. Bd3 Nd5 12. Bh6 Qa3+ 13. Kd2 Qxc3+ 14. Ke2 Rf7 15. Nf3 Nc6 16. Rhg1 Qb4 17. Qxg7+ Rxg7 18. Rxg7+ Kf8 19. Rxh7+ Kg8 20. Rg1# 1-0


[Site "https://www.chess.com"]

[Event "Titled Tuesday Blitz February 14 Early 2023"]
[White "Alice, Mateus Felizardo Viageiro"]
[Black "Toncheva, Nadya"]
[WhiteFideId "14800047"]
[BlackFideId "2924056"]
[WhiteElo "2202"]
[BlackElo "2295"]
[Result "0-1"]
[Round "05"]
[TimeControl "180+2"]
[Date "2023.02.15"]
[WhiteClock "0:02:20"]
[BlackClock "0:01:48"]

1. e4 c5 2. Nf3 Nc6 3. d4 cxd4 4. Nxd4 g6 5. Nc3 Bg7 6. Be3 Nf6 7. f3 O-O 8. Qd2 d5 9. exd5 Nxd5 10. Nxd5 Qxd5 11. Nxc6 Qxc6 12. O-O-O Be6 13. Kb1 Qa4 14. b3 Qc6 15. Bd3 Rfd8 16. h4 a5 17. a4 Bf5 18. h5 Qf6 0-1


[Site "https://www.chess.com"]

[Event "Titled Tuesday Blitz February 14 Early 2023"]
[White "Liu, Casper"]
[Black "Malka, Samuel"]
[WhiteFideId "1454153"]
[BlackFideId "20643675"]
[WhiteElo "2278"]
[BlackElo "2165"]
[Result "1-0"]
[Round "05"]
[TimeControl "180+2"]
[Date "2023.02.15"]
[WhiteClock "0:01:55"]
[BlackClock "0:00:22"]

1. d4 Nf6 2. c4 g6 3. Nc3 Bg7 4. e4 d6 5. Nf3 O-O 6. h3 e5 7. dxe5 dxe5 8. Qxd8 Rxd8 9. Bg5 Re8 10. Bxf6 Bxf6 11. Nd5 Bd8 12. O-O-O c6 13. Nc3 Ba5 14. a3 Bb6 15. c5 Bxc5 16. Nxe5 Bxf2 17. Bc4 Be6 18. Bxe6 Rxe6 19. Rd8+ Kg7 20. Nd7 Rd6 21. Rd1 Be3+ 22. Kc2 Rxd1 23. Nxd1 Nxd7 24. Rxa8 Bb6 25. Nc3 h5 26. b4 h4 27. Re8 Nf6 28. Re7 Nh5 29. Ne2 Kf6 30. Rxb7 Ke5 31. Rxf7 Kxe4 32. a4 g5 33. a5 Be3 34. Re7+ 1-0


[Site "https://www.chess.com"]

[Event "Titled Tuesday Blitz February 14 Early 2023"]
[White "Bettalli, Francesco"]
[Black "Nikologorsky, Matfei"]
[WhiteFideId "2816453"]
[BlackFideId "24102474"]
[WhiteElo "2252"]
[BlackElo "2182"]
[Result "1-0"]
[Round "05"]
[TimeControl "180+2"]
[Date "2023.02.15"]
[WhiteClock "0:02:39"]
[BlackClock "0:02:24"]

1. d4 Nf6 2. Nc3 d5 3. Bf4 c5 4. e3 cxd4 5. exd4 Nc6 6. Nb5 e5 7. dxe5 Ne4 8. e6 Nd6 9. exf7+ Kxf7 10. Nxd6+ Bxd6 11. Qxd5+ 1-0


[Site "https://www.chess.com"]

[Event "Titled Tuesday Blitz February 14 Early 2023"]
[White "dodoucb"]
[Black "Hoffmann, Asa"]
[BlackFideId "2001470"]
[WhiteElo "2485"]
[BlackElo "2185"]
[Result "0-1"]
[Round "05"]
[TimeControl "180+2"]
[Date "2023.02.15"]
[WhiteClock "0:00:07"]
[BlackClock "0:00:04"]

1. d4 Nf6 2. c4 c5 3. d5 e5 4. Nc3 d6 5. e4 Be7 6. Be2 Nbd7 7. Nf3 Nf8 8. O-O Ng6 9. Ne1 a6 10. Nd3 b5 11. cxb5 axb5 12. Nxb5 Nxe4 13. Nc3 Nxc3 14. bxc3 Qa5 15. Bd2 Bd7 16. Re1 O-O 17. Bf1 f5 18. Nb2 e4 19. f3 Bf6 20. Nc4 Qa6 21. fxe4 fxe4 22. Rxe4 Bb5 23. Qg4 Ne5 24. Qe6+ Kh8 25. Nxd6 Bxf1 26. Rxf1 Qxa2 27. Bf4 Ng6 28. Bg3 Qc2 29. Re2 Qd3 30. Re3 Qd2 31. Be1 Qc1 32. Bh4 Qxf1+ 33. Kxf1 Bxh4+ 34. Rf3 Ra1+ 35. Ke2 Re1+ 36. Kd3 Rxe6 37. dxe6 Be7 38. Nf7+ Kg8 39. Ke4 Bf6 40. c4 Re8 41. Kd5 Nf8 42. Re3 Nxe6 43. Rxe6 Kxf7 44. Rc6 Bd4 45. Rc7+ Re7 46. Rc6 Re2 47. g3 Rxh2 0-1


[Site "https://www.chess.com"]

[Event "Titled Tuesday Blitz February 14 Early 2023"]
[White "Jimenez, Joaquin"]
[Black "AyMitecK"]
[WhiteFideId "109860"]
[WhiteElo "2195"]
[BlackElo "2484"]
[Result "0-1"]
[Round "05"]
[TimeControl "180+2"]
[Date "2023.02.15"]
[WhiteClock "0:00:07"]
[BlackClock "0:00:08"]

1. e4 e6 2. d4 d5 3. Nd2 Nf6 4. e5 Nfd7 5. Bd3 c5 6. c3 Nc6 7. Ne2 cxd4 8. cxd4 f6 9. Nf4 Nxd4 10. Qh5+ Ke7 11. Ng6+ hxg6 12. exf6+ Nxf6 13. Qxh8 Kf7 14. f4 Nc6 15. Qh4 Qb6 16. Nf3 Bb4+ 17. Kd1 Bd7 18. Ne5+ Kg8 19. a3 Nxe5 20. fxe5 Ba4+ 21. Ke2 Ne4 22. axb4 Qxb4 23. Bxe4 Bb5+ 24. Kf3 dxe4+ 25. Kg3 Qb3+ 26. Kg4 Be2+ 27. Kg5 Qb5 28. Qxe4 Rf8 29. g4 Bf3 30. Qd4 Bxh1 31. Bf4 Qe8 32. Kh4 Bc6 33. Rxa7 Qf7 34. Kg3 g5 35. Bxg5 Qf3+ 36. Kh4 Qg2 37. Ra3 Qxh2+ 38. Rh3 Qg2 39. Qd3 Bf3 40. Qc4 Be2 41. Qxe6+ Kh7 42. Rg3 Qh2+ 43. Rh3 Qg2 44. Rg3 Qf2 45. Be3 Qh2+ 46. Rh3 Qg2 47. Kg5+ Qxh3 48. Qg6+ Kg8 49. Qe6+ Kh8 50. Qe7 Qh6# 0-1


[Site "https://www.chess.com"]

[Event "Titled Tuesday Blitz February 14 Early 2023"]
[White "Fajdetic, Hrvoje"]
[Black "Robledo, Cristian"]
[WhiteFideId "14501945"]
[BlackFideId "133450"]
[WhiteElo "2151"]
[BlackElo "2270"]
[Result "0-1"]
[Round "05"]
[TimeControl "180+2"]
[Date "2023.02.15"]
[WhiteClock "0:00:04"]
[BlackClock "0:00:06"]

1. d4 d5 2. Bf4 c5 3. e3 Nc6 4. Nc3 a6 5. Nf3 Nf6 6. dxc5 Bg4 7. Be2 Bxf3 8. Bxf3 e5 9. Bg5 e4 10. Be2 Be7 11. O-O O-O 12. a3 d4 13. Bxf6 Bxf6 14. Nxe4 dxe3 15. Nxf6+ Qxf6 16. fxe3 Qxb2 17. Rb1 Qe5 18. Rxb7 Qxe3+ 19. Kh1 Rad8 20. Bd3 Ne5 21. Re1 Nxd3 22. cxd3 Rxd3 23. Qc1 Qd4 24. h3 Rc3 25. Qd1 Qxc5 26. Qe2 Qc6 27. Ra7 Rxh3+ 28. Kg1 Rc3 29. Qe7 Qb6+ 30. Kf1 Qb5+ 31. Re2 Rc1+ 32. Kf2 Qf5+ 33. Kg3 Rc3+ 34. Kh2 Qh5+ 35. Kg1 Rc1+ 36. Kf2 Qf5+ 37. Kg3 Qg6+ 38. Kh2 Qh5+ 39. Kg3 Rc3+ 40. Kf2 Qc5+ 41. Qxc5 Rxc5 42. Rxa6 g6 43. Re7 Rf5+ 44. Kg3 Rd8 45. Raa7 Rd3+ 46. Kh2 h5 47. Re8+ Kg7 48. Raa8 Rd2 49. Rg8+ Kf6 50. Ra6+ Kg5 51. Re8 Rff2 52. Re5+ Kh6 53. Re7 Rxg2+ 54. Kh1 Rgf2 55. Re1 h4 56. Rc1 h3 57. Ra8 Rh2+ 58. Kg1 Rdg2+ 59. Kf1 Rh1# 0-1


[Site "https://www.chess.com"]

[Event "Titled Tuesday Blitz February 14 Early 2023"]
[White "Alahakoon, Isuru"]
[Black "Devaev, Alexander"]
[WhiteFideId "9900993"]
[BlackFideId "4169395"]
[WhiteElo "1819"]
[BlackElo "2325"]
[Result "1-0"]
[Round "05"]
[TimeControl "180+2"]
[Date "2023.02.15"]
[WhiteClock "0:01:32"]
[BlackClock "0:00:35"]

1. Nf3 Nf6 2. d4 e6 3. Nc3 Bb4 4. Qd3 b6 5. Bg5 Ba6 6. Qd2 h6 7. Bxf6 Qxf6 8. a3 Bxc3 9. Qxc3 c5 10. O-O-O Nc6 11. e3 Bb7 12. Ne5 Rc8 13. Bb5 a6 14. Bxc6 Bxc6 15. dxc5 O-O 16. f3 Qe7 17. cxb6 Bxf3 18. Rxd7 Qg5 19. Nxf3 Qxg2 20. Rg1 1-0


[Site "https://www.chess.com"]

[Event "Titled Tuesday Blitz February 14 Early 2023"]
[White "Grycel, Kamil"]
[Black "Martin, Lewis"]
[WhiteFideId "1115499"]
[BlackFideId "410551"]
[WhiteElo "2315"]
[BlackElo "2135"]
[Result "1/2-1/2"]
[Round "05"]
[TimeControl "180+2"]
[Date "2023.02.15"]
[WhiteClock "0:00:27"]
[BlackClock "0:00:21"]

1. b3 c5 2. Bb2 Nc6 3. Nf3 d6 4. e3 e5 5. c4 g6 6. Nc3 Bg7 7. d3 Nge7 8. Be2 O-O 9. O-O Be6 10. e4 h6 11. Nd5 f5 12. a3 Qd7 13. b4 cxb4 14. Nxb4 Nxb4 15. axb4 fxe4 16. dxe4 a6 17. c5 dxc5 18. Qxd7 Bxd7 19. bxc5 Nc6 20. Rfd1 Bg4 21. Rd6 Rad8 22. Rad1 Rxd6 23. Rxd6 Kh7 24. h3 Bxf3 25. Bxf3 Rc8 26. Bg4 Rc7 27. Rd7 Rxd7 28. Bxd7 Bf8 29. Bc8 Bxc5 30. Bxb7 Nb4 31. Bxe5 a5 32. Bc3 a4 33. Bxb4 Bxb4 34. Bd5 Kg7 35. Kf1 Kf6 36. Ke2 Ke5 37. g3 g5 38. Kf3 Bc5 39. Ke2 a3 40. f3 Bd6 41. Kd3 Kf6 42. g4 Ke5 43. Ke3 Bc5+ 44. Kd3 Kf4 45. Ke2 Bd6 46. Kf2 Bc5+ 47. Ke2 Bd6 48. Kf2 Bc5+ 49. Ke2 1/2-1/2


[Site "https://www.chess.com"]

[Event "Titled Tuesday Blitz February 14 Early 2023"]
[White "Colbow, Collin"]
[Black "Antonio, Jorge Carlos"]
[WhiteFideId "16201132"]
[BlackFideId "113190"]
[WhiteElo "2408"]
[BlackElo "2277"]
[Result "0-1"]
[Round "05"]
[TimeControl "180+2"]
[Date "2023.02.15"]
[WhiteClock "0:00:27"]
[BlackClock "0:00:36"]

1. d4 d5 2. Bf4 c6 3. Nf3 Nf6 4. e3 Qb6 5. Qc1 Bg4 6. Nbd2 Bxf3 7. Nxf3 e6 8. h3 Nbd7 9. Bd3 c5 10. O-O Bd6 11. c3 O-O 12. Qd2 cxd4 13. cxd4 Bxf4 14. exf4 Ne4 15. Qe2 Ndf6 16. Rfd1 Rac8 17. Ng5 Nd6 18. g4 h6 19. Nf3 Rc7 20. g5 hxg5 21. fxg5 Nh5 22. Qe5 g6 23. Rd2 Rfc8 24. Nh2 Rc1+ 25. Rxc1 Rxc1+ 26. Kg2 Nf5 27. Bxf5 exf5 28. Nf3 Qb5 29. Re2 Qxe2 0-1


[Site "https://www.chess.com"]

[Event "Titled Tuesday Blitz February 14 Early 2023"]
[White "Zampronha, Wladimir Camilo"]
[Black "Jovic, Stanoje"]
[WhiteFideId "2103087"]
[BlackFideId "905020"]
[WhiteElo "2176"]
[BlackElo "2075"]
[Result "0-1"]
[Round "05"]
[TimeControl "180+2"]
[Date "2023.02.15"]
[WhiteClock "0:00:06"]
[BlackClock "0:00:50"]

1. e4 c6 2. Nf3 d5 3. exd5 cxd5 4. d4 Nc6 5. Bd3 Bg4 6. c3 e6 7. O-O Bd6 8. Nbd2 Qc7 9. h3 Bh5 10. Re1 Nf6 11. Qc2 O-O 12. Be2 Rac8 13. a3 Rfe8 14. Qd1 Bg6 15. Nf1 Ne4 16. N3d2 e5 17. Nxe4 dxe4 18. dxe5 Nxe5 19. Ne3 Nd3 20. Rf1 a5 21. Bxd3 exd3 22. Bd2 b5 23. b4 a4 24. Rc1 Bh2+ 25. Kh1 Bf4 26. c4 Bxe3 27. cxb5 Qb7 28. Rxc8 Rxc8 29. Bxe3 Qxb5 30. Qg4 Rc2 31. Qd4 h6 32. Rd1 Ra2 33. Rc1 Rc2 34. Rd1 Qh5 35. g4 Qxh3+ 36. Kg1 Qf3 37. Qd8+ Kh7 38. Rxd3 Be4 0-1


[Site "https://www.chess.com"]